[Event "FIDE WCCC Girls-10 2024"]
[Site "Montesilvano"]
[Date "2024.11.19"]
[Round "5.19"]
[White "Milojevic, Dunja"]
[Black "Zhang, Weiai"]
[Result "0-1"]
[ECO "E12"]
[WhiteElo "1610"]
[BlackElo "1488"]
[Annotator "NA RC"]
[PlyCount "120"]
[EventDate "2024.11.18"]
[EventType "swiss"]
[EventCountry "ITA"]
[SourceTitle "playchess.com"]
[Source "ChessBase"]
[SourceQuality "1"]
[TimeControl "5400+30"]

1. d4 d5 2. c4 e6 3. Nc3 Be7 4. Nf3 Nf6 5. Bg5 O-O 6. e3 b6 7. Bd3 dxc4 8. Bxc4 Bb7 9. O-O Nbd7 10. Qe2 Ne4 11. Nxe4 Bxe4 12. Bxe7 Qxe7 13. Rac1 c5 14. Rfd1 Rfd8 15. Nd2 Bb7 16. Nb3 Rac8 17. f3 cxd4 18. Nxd4 Nf6 19. a3 Nd5 20. e4 Nf4 21. Qf1 Qg5 22. g3 h6 23. Kh1 Rxd4 24. Rxd4 Ne2 25. f4 Qc5 26. Bxe2 Qxc1 27. Qxc1 Rxc1+ 28. Kg2 Rc2 29. Kf1 Rxb2 30. e5 Bd5 31. f5 Rb3 32. fxe6 fxe6 33. Ra4 a5 34. Bg4 Re3 35. Kf2 Rxe5 36. h4 Kf8 37. Rd4 Ke7 38. Bh3 Re4 39. Rxe4 Bxe4 40. Ke3 Bd5 41. Bf1 Kd6 42. Kd4 e5+ 43. Kc3 Kc5 44. Be2 b5 45. Bd1 b4+ 46. axb4+ axb4+ 47. Kb2 e4 48. Kc1 Kd4 49. Bc2 b3 50. Bb1 Kc3 51. g4 e3 52. Kd1 Bf3+ 53. Ke1 Kb2 54. Bf5 Kc1 55. g5 b2 56. Bg6 b1=Q 57. Bxb1 Kxb1 58. Kf1 e2+ 59. Ke1 Kc2 60. g6 h5 0-1

[Event "FIDE WCCC Girls-10 2024"]
[Site "Montesilvano"]
[Date "2024.11.19"]
[Round "5.20"]
[White "Bjerregaard Hagen, Frida"]
[Black "Guerra Mansilla, Maria Ignacia"]
[Result "1/2-1/2"]
[ECO "E60"]
[WhiteElo "1815"]
[BlackElo "1545"]
[Annotator "NA RC"]
[PlyCount "71"]
[EventDate "2024.11.18"]
[EventType "swiss"]
[EventCountry "ITA"]
[SourceTitle "playchess.com"]
[Source "ChessBase"]
[SourceQuality "1"]
[TimeControl "5400+30"]

1. d4 Nf6 2. Nf3 g6 3. e3 Bg7 4. Be2 O-O 5. O-O d6 6. b3 c5 7. Bb2 Nc6 8. c4 e6 9. Nc3 b6 10. Qd2 Bb7 11. Rfd1 Re8 12. dxc5 dxc5 13. h3 Qxd2 14. Rxd2 Rad8 15. Rad1 Rxd2 16. Rxd2 Rd8 17. Rxd8+ Nxd8 18. Kf1 Ne4 19. Nd1 Bxb2 20. Nxb2 Nc3 21. a3 Nxe2 22. Kxe2 Bxf3+ 23. Kxf3 Kg7 24. Ke4 Kf6 25. Nd3 Nc6 26. g3 Na5 27. Nc1 h5 28. f4 Nc6 29. Nd3 Na5 30. Nc1 Nc6 31. g4 hxg4 32. hxg4 g5 33. Ne2 Na5 34. Nc1 Nc6 35. Ne2 Na5 36. Nc1 1/2-1/2

[Event "FIDE WCCC Girls-10 2024"]
[Site "Montesilvano"]
[Date "2024.11.19"]
[Round "5.21"]
[White "Isakhanyan, Nare"]
[Black "Rosset, Anna"]
[Result "1-0"]
[ECO "A06"]
[WhiteElo "1540"]
[BlackElo "1814"]
[Annotator "NA RC"]
[PlyCount "59"]
[EventDate "2024.11.18"]
[EventType "swiss"]
[EventCountry "ITA"]
[SourceTitle "playchess.com"]
[Source "ChessBase"]
[SourceQuality "1"]
[TimeControl "5400+30"]

1. d4 d5 2. c4 c6 3. Nf3 Nf6 4. e3 e6 5. b3 Nbd7 6. Bd3 Bd6 7. Bb2 O-O 8. O-O Qe7 9. Ne5 Bc7 10. Nd2 Rd8 11. f4 c5 12. Rf3 Bb6 13. Rh3 Nf8 14. g4 dxc4 15. Ndxc4 cxd4 16. Nxb6 axb6 17. Bxd4 Qb4 18. g5 Ne8 19. Bxh7+ Nxh7 20. Qh5 Nd6 21. Qxh7+ Kf8 22. Ng6+ Ke8 23. Qg8+ Kd7 24. Ne5+ Ke7 25. Qxg7 Ne8 26. Qxf7+ Kd6 27. Qf8+ Kd5 28. Qxb4 Ke4 29. Bxb6+ Kf5 30. Bxd8 1-0

[Event "FIDE WCCC Girls-10 2024"]
[Site "Montesilvano"]
[Date "2024.11.19"]
[Round "5.22"]
[White "Mandukhai, Munkhbat"]
[Black "Pham, Nhu Y"]
[Result "0-1"]
[ECO "E14"]
[WhiteElo "1645"]
[BlackElo "1914"]
[Annotator "RC"]
[PlyCount "124"]
[EventDate "2024.11.18"]
[EventType "swiss"]
[EventCountry "ITA"]
[SourceTitle "playchess.com"]
[Source "ChessBase"]
[SourceQuality "1"]
[TimeControl "5400+30"]

1. e4 c6 2. c4 d5 3. exd5 cxd5 4. cxd5 Nf6 5. Nc3 Nxd5 6. Nf3 Nc6 7. Bc4 Nxc3 8. bxc3 e6 9. d4 Be7 10. O-O O-O 11. Re1 b6 12. Bb3 Bb7 13. Bc2 Bf6 14. Qd3 g6 15. Bh6 Bg7 16. Bf4 Rc8 17. Rad1 Ne7 18. Bb3 Nd5 19. Bxd5 Qxd5 20. Rd2 Rfd8 21. Qe3 Rc4 22. Red1 Rdc8 23. Rc1 Qe4 24. Rdc2 Qxe3 25. fxe3 Be4 26. Nd2 Bxc2 27. Nxc4 Rxc4 28. Rxc2 Bf8 29. Bg3 b5 30. Kf1 Bb4 31. Be1 f5 32. Ke2 Kf7 33. Kd3 Bd6 34. h3 e5 35. Rb2 e4+ 36. Kd2 a6 37. Ke2 g5 38. g3 Ke6 39. Rb3 Kd5 40. Rb2 Kc6 41. Kd2 a5 42. Kd1 h6 43. Rc2 f4 44. exf4 gxf4 45. gxf4 Bxf4 46. Rf2 Bg5 47. Re2 Kd5 48. h4 Be7 49. Rg2 b4 50. Rc2 bxc3 51. Bxc3 a4 52. Kd2 Bxh4 53. Ke2 Bg5 54. Kd1 Be3 55. a3 Bxd4 56. Rh2 Rxc3 57. Rxh6 Rxa3 58. Rh5+ Kc4 59. Ke2 Ra2+ 60. Kd1 Kd3 61. Rh3+ e3 62. Rxe3+ Bxe3 0-1

[Event "FIDE WCCC Girls-10 2024"]
[Site "Montesilvano"]
[Date "2024.11.19"]
[Round "5.23"]
[White "Ritinioti, Sofia"]
[Black "Sun, Yucan(Sd)"]
[Result "0-1"]
[ECO "A45"]
[WhiteElo "1534"]
[BlackElo "1725"]
[Annotator "NA RC"]
[PlyCount "134"]
[EventDate "2024.11.18"]
[EventType "swiss"]
[EventCountry "ITA"]
[SourceTitle "playchess.com"]
[Source "ChessBase"]
[SourceQuality "1"]
[TimeControl "5400+30"]

1. d4 Nf6 2. Bf4 c6 3. Nc3 Qb6 4. Rb1 d5 5. e3 g6 6. Nf3 Bg7 7. Bd3 O-O 8. O-O a5 9. Na4 Qd8 10. c3 b5 11. Nc5 Nbd7 12. Nxd7 Nxd7 13. e4 dxe4 14. Bxe4 Bb7 15. Re1 Nf6 16. Bd3 Nd5 17. Bg3 Qb6 18. a3 c5 19. dxc5 Qxc5 20. Qe2 Bc6 21. c4 bxc4 22. Bxc4 Rfe8 23. Ne5 Bb7 24. Red1 e6 25. Rbc1 Qb6 26. Bb5 Rec8 27. Nd7 Qd8 28. Rxc8 Rxc8 29. Ne5 Qg5 30. Nf3 Qe7 31. Bc4 Qc5 32. Bxd5 Bxd5 33. h3 Qb6 34. Ne5 h5 35. h4 a4 36. Qd2 Qb7 37. f3 Kh7 38. Rc1 Rd8 39. Qa5 Ra8 40. Qd2 f6 41. Nd3 e5 42. Nb4 Be6 43. Rc6 Qf7 44. Kh1 Ra7 45. Kh2 Rd7 46. Rd6 Bf8 47. Rxd7 Bxd7 48. Nd3 Be6 49. Nc5 Bxc5 50. Qa5 Qa7 51. Qe1 Bd4 52. Qb4 Qd7 53. Qb8 Kg7 54. Qb4 Bb3 55. Qb8 Bxb2 56. Qb4 Kf7 57. Qc5 Qe7 58. Qe3 Bxa3 59. Qc3 Qc5 60. Qa1 Qc1 61. Qxc1 Bxc1 62. Kg1 a3 63. Kf2 a2 64. Ke2 a1=Q 65. Kd3 Qb1+ 66. Ke2 Bc4+ 67. Ke1 Be3# 0-1

[Event "FIDE WCCC Girls-10 2024"]
[Site "Montesilvano"]
[Date "2024.11.19"]
[Round "5.24"]
[White "Kocherha, Yelizavieta"]
[Black "Mohamed Ahmed, Ghidaa"]
[Result "0-1"]
[ECO "C41"]
[WhiteElo "1523"]
[BlackElo "1638"]
[Annotator "NA RC"]
[PlyCount "75"]
[EventDate "2024.11.18"]
[EventType "swiss"]
[EventCountry "ITA"]
[SourceTitle "playchess.com"]
[Source "ChessBase"]
[SourceQuality "1"]
[TimeControl "5400+30"]

1. e4 e5 2. Nf3 d6 3. d4 exd4 4. Nxd4 Nf6 5. Nc3 Be7 6. Bf4 O-O 7. Qd2 a6 8. O-O-O b5 9. Be2 Re8 10. f3 b4 11. Nd5 Nxd5 12. exd5 a5 13. g4 Bf6 14. Bb5 Bd7 15. Bxd7 Qxd7 16. Nf5 Qb5 17. Rhe1 Nd7 18. h4 Nb6 19. Rxe8+ Rxe8 20. Ne3 Na4 21. Qd3 Bxb2+ 22. Kb1 Qxd3 23. Rxd3 Bc3 24. Bg3 Nc5 25. Rd1 Rxe3 26. Bf2 Rxf3 27. Bxc5 dxc5 28. g5 Re3 29. Kc1 Re1 30. Rxe1 Bxe1 31. d6 cxd6 32. c3 Bxc3 33. g6 hxg6 34. h5 gxh5 35. a4 bxa3 36. Kb1 h4 37. Kc2 a2 38. Kd1 0-1

[Event "FIDE WCCC Girls-10 2024"]
[Site "Montesilvano"]
[Date "2024.11.19"]
[Round "5.25"]
[White "Poliak, Margarita"]
[Black "Li, Wan Qin"]
[Result "1-0"]
[ECO "E18"]
[WhiteElo "1514"]
[BlackElo "1628"]
[Annotator "NA RC"]
[PlyCount "93"]
[EventDate "2024.11.18"]
[EventType "swiss"]
[EventCountry "ITA"]
[SourceTitle "playchess.com"]
[Source "ChessBase"]
[SourceQuality "1"]
[TimeControl "5400+30"]

1. d4 Nf6 2. c4 e6 3. Nf3 b6 4. g3 Bb7 5. Bg2 Be7 6. O-O O-O 7. Nc3 d5 8. Ne5 Nbd7 9. Qa4 Nb8 10. Rd1 c5 11. dxc5 Bxc5 12. cxd5 exd5 13. e4 Qe7 14. Nd3 dxe4 15. Nxc5 Qxc5 16. Nxe4 Nxe4 17. Bxe4 Qe7 18. Re1 Bxe4 19. Rxe4 Qb7 20. Rg4 Kh8 21. Bd2 Nc6 22. Bc3 f6 23. Rh4 b5 24. Qe4 f5 25. Qg2 Kg8 26. Qh3 g6 27. Qg2 Qd7 28. Qf1 Rab8 29. Rd1 Qb7 30. Rd6 Ne7 31. Qe2 Rf7 32. Qe5 Kf8 33. Qh8+ Ng8 34. Bb4 Qe7 35. Rdd4 Qxb4 36. Rxb4 a5 37. Qe5 axb4 38. Qxb8+ Kg7 39. Rxb4 Ne7 40. Qxb5 Rf6 41. a4 Rb6 42. Qxb6 Nd5 43. Qb7+ Kf6 44. Qxd5 g5 45. Rb6+ Kg7 46. Qd7+ Kf8 47. Rb8# 1-0

[Event "FIDE WCCC Girls-10 2024"]
[Site "Montesilvano"]
[Date "2024.11.19"]
[Round "5.26"]
[White "Malcheva, Niya"]
[Black "Smilic, Nina"]
[Result "1-0"]
[ECO "B50"]
[WhiteElo "1620"]
[BlackElo "1540"]
[Annotator "NA RC"]
[PlyCount "119"]
[EventDate "2024.11.18"]
[EventType "swiss"]
[EventCountry "ITA"]
[SourceTitle "playchess.com"]
[Source "ChessBase"]
[SourceQuality "1"]
[TimeControl "5400+30"]

1. e4 c5 2. Nf3 d6 3. c3 Nc6 4. Be2 Nf6 5. d4 cxd4 6. cxd4 e6 7. Nc3 Be7 8. O-O O-O 9. Bf4 b6 10. d5 Na5 11. dxe6 Bxe6 12. Ng5 d5 13. Nxe6 fxe6 14. exd5 Nxd5 15. Nxd5 exd5 16. Bg3 d4 17. Qd3 Bf6 18. Rac1 Nb7 19. Bf3 Nc5 20. Qc4+ Kh8 21. b4 Nd7 22. Bxa8 Qxa8 23. Qc6 Qe8 24. Rfe1 Qf7 25. Qe6 Qxe6 26. Rxe6 h6 27. Rc7 Nb8 28. b5 a6 29. Rb7 Nd7 30. Rxd7 axb5 31. Be5 Rc8 32. g3 Bxe5 33. Rxe5 Rc1+ 34. Kg2 Rc2 35. Rxd4 Rxa2 36. Rxb5 Re2 37. Rxb6 Re8 38. Rd2 Rf8 39. f4 Kh7 40. Rb7 Kh8 41. Rdd7 Rg8 42. Kf3 Ra8 43. Rxg7 Ra3+ 44. Kg4 Ra8 45. Rh7+ Kg8 46. Rbg7+ Kf8 47. Rh8+ Kxg7 48. Rxa8 Kg6 49. Ra6+ Kg7 50. Kf5 h5 51. Kg5 Kf7 52. Kxh5 Kg7 53. f5 Kf7 54. Kg5 Ke7 55. f6+ Kf7 56. Kf5 Kf8 57. Ra7 Ke8 58. Ke6 Kd8 59. f7 Kc8 60. f8=Q# 1-0

[Event "FIDE WCCC Girls-10 2024"]
[Site "Montesilvano"]
[Date "2024.11.19"]
[Round "5.27"]
[White "Shtepa, Liubov"]
[Black "Minzat, Victoria"]
[Result "1-0"]
[ECO "C54"]
[WhiteElo "1615"]
[BlackElo "1505"]
[Annotator "NA RC"]
[PlyCount "137"]
[EventDate "2024.11.18"]
[EventType "swiss"]
[EventCountry "ITA"]
[SourceTitle "playchess.com"]
[Source "ChessBase"]
[SourceQuality "1"]
[TimeControl "5400+30"]

1. e4 e5 2. Nf3 Nc6 3. Bc4 Bc5 4. c3 Nf6 5. d4 exd4 6. cxd4 Bb4+ 7. Bd2 Nxe4 8. Bxb4 Nxb4 9. Bxf7+ Kxf7 10. Qb3+ d5 11. Ne5+ Ke8 12. Qxb4 Qe7 13. Qb5+ c6 14. Qe2 Rf8 15. O-O g6 16. f3 Nd6 17. Re1 Nf5 18. Qd2 Be6 19. Nc3 Qb4 20. Rad1 Kd8 21. Nxc6+ bxc6 22. Rxe6 Kd7 23. Re2 Rfe8 24. Nxd5 Qd6 25. Nf4 Kc7 26. Rxe8 Rxe8 27. d5 Ne3 28. Qa5+ Kb8 29. Rd4 Nc2 30. Ra4 Qe7 31. Qc3 Ne3 32. Qb4+ Qxb4 33. Rxb4+ Kc7 34. dxc6 Kxc6 35. Kf2 Kc5 36. Nd3+ Kc6 37. Rh4 h5 38. Ra4 Kb6 39. Re4 Rxe4 40. fxe4 Ng4+ 41. Kg3 Kc6 42. h3 Nf6 43. e5 Nh7 44. Nf4 Nf8 45. Kh4 Kd7 46. Kg5 a5 47. Kf6 h4 48. e6+ Ke8 49. Nxg6 Nh7+ 50. Kf5 Nf8 51. Nxf8 Kxf8 52. Kf6 a4 53. a3 Ke8 54. e7 Kd7 55. Kf7 Kd6 56. e8=Q Kd5 57. Qe3 Kc4 58. Qc3+ Kd5 59. Kf6 Ke4 60. Kg5 Kd5 61. Kf5 Kd6 62. Qe5+ Kc6 63. Ke6 Kb6 64. Qd5 Kc7 65. Qd6+ Kb7 66. Kd7 Ka8 67. Qb4 Ka7 68. Kc7 Ka6 69. Qb6# 1-0

[Event "FIDE WCCC Girls-10 2024"]
[Site "Montesilvano"]
[Date "2024.11.19"]
[Round "5.28"]
[White "Pambieri, Nicole"]
[Black "Rekhviashvili, Mariam"]
[Result "0-1"]
[ECO "D37"]
[WhiteElo "1482"]
[BlackElo "1610"]
[Annotator "NA RC"]
[PlyCount "90"]
[EventDate "2024.11.18"]
[EventType "swiss"]
[EventCountry "ITA"]
[SourceTitle "playchess.com"]
[Source "ChessBase"]
[SourceQuality "1"]
[TimeControl "5400+30"]

1. c4 e6 2. Nf3 d5 3. e3 Nf6 4. Nc3 Be7 5. Be2 O-O 6. O-O c5 7. d4 dxc4 8. Bxc4 Nbd7 9. b3 b6 10. d5 exd5 11. Nxd5 Bb7 12. Nxe7+ Qxe7 13. Bb2 Rad8 14. Qe2 Ne4 15. Rfd1 Ng5 16. Bd5 Bxd5 17. Rxd5 Nxf3+ 18. Qxf3 Qe6 19. Rad1 Qe7 20. Qg4 Nf6 21. Qg3 Rxd5 22. Rxd5 Qe4 23. Rd1 Qc2 24. Qd6 Qxb2 25. Rd2 Qb1+ 26. Rd1 Qxa2 27. b4 cxb4 28. Qxb4 Qc2 29. Qd4 h6 30. Rd2 Qe4 31. Qa1 a5 32. Rd4 Qc6 33. f3 Rc8 34. Rd1 Qc3 35. Qb1 Qxe3+ 36. Kh1 g6 37. Qb2 Kg7 38. h3 Re8 39. Rc1 Qe6 40. Ra1 Kh7 41. Qd2 Nh5 42. Kh2 Qe5+ 43. Kg1 Qxa1+ 44. Kh2 Qe5+ 45. Kh1 Qg3 0-1

[Event "FIDE WCCC Girls-10 2024"]
[Site "Montesilvano"]
[Date "2024.11.19"]
[Round "5.29"]
[White "Xin, Lisa J."]
[Black "Sobirova, Mumtozbegim"]
[Result "0-1"]
[ECO "D05"]
[WhiteElo "1602"]
[BlackElo "1476"]
[Annotator "NA RC"]
[PlyCount "91"]
[EventDate "2024.11.18"]
[EventType "swiss"]
[EventCountry "ITA"]
[SourceTitle "playchess.com"]
[Source "ChessBase"]
[SourceQuality "1"]
[TimeControl "5400+30"]

1. d4 d5 2. Nf3 Nf6 3. e3 e6 4. Bd3 c5 5. b3 Nc6 6. Bb2 Bd6 7. O-O O-O 8. Nbd2 Qc7 9. a3 cxd4 10. exd4 a6 11. Qe2 Re8 12. Ne5 b5 13. f4 b4 14. a4 Ne7 15. g4 Ng6 16. g5 Nd7 17. Qg4 f5 18. gxf6 Nxf6 19. Qg2 Nh4 20. Qg5 Nf5 21. Rf2 Rb8 22. Re1 h6 23. Qg6 Nh4 24. Qg3 Nf5 25. Bxf5 exf5 26. Rg2 Ne4 27. Nxe4 dxe4 28. d5 g5 29. Qh3 g4 30. Qxh6 Qb6+ 31. Kh1 Bxe5 32. Qxb6 Rxb6 33. Bxe5 Bb7 34. Rd1 Rg6 35. Kg1 Rd8 36. d6 e3 37. Rg3 e2 38. Rc1 Bf3 39. Kf2 Rc8 40. c4 bxc3 41. Rxc3 Rxc3 42. Bxc3 Rxd6 43. b4 Rd3 44. Be5 Rd1 45. Rg1 Rxg1 46. Kxg1 0-1

[Event "FIDE WCCC Girls-10 2024"]
[Site "Montesilvano"]
[Date "2024.11.19"]
[Round "5.31"]
[White "Mamarasulova, Yasmina"]
[Black "Macchia-Shahar, Yali"]
[Result "0-1"]
[ECO "D35"]
[WhiteElo "1444"]
[BlackElo "1564"]
[Annotator "NA RC"]
[PlyCount "44"]
[EventDate "2024.11.18"]
[EventType "swiss"]
[EventCountry "ITA"]
[SourceTitle "playchess.com"]
[Source "ChessBase"]
[SourceQuality "1"]
[TimeControl "5400+30"]

1. d4 d5 2. c4 e6 3. Nc3 Nf6 4. cxd5 exd5 5. Bg5 Be7 6. e3 c6 7. Bd3 O-O 8. Nf3 h6 9. Bh4 Re8 10. O-O Ne4 11. Bxe7 Qxe7 12. Bxe4 dxe4 13. Nd2 Bf5 14. Qc2 Qe6 15. Qb3 Qg6 16. Qxb7 Bh3 17. g3 Nd7 18. Rfc1 Rab8 19. Qxa7 Rxb2 20. Nc4 Qf5 21. f4 exf3 22. Qxd7 f2+ 0-1

[Event "FIDE WCCC Girls-10 2024"]
[Site "Montesilvano"]
[Date "2024.11.19"]
[Round "5.32"]
[White "Wang, Mi Ya Mia"]
[Black "Li, Grace"]
[Result "1-0"]
[ECO "C54"]
[WhiteElo "1552"]
[BlackElo "1529"]
[Annotator "NA RC"]
[PlyCount "69"]
[EventDate "2024.11.18"]
[EventType "swiss"]
[EventCountry "ITA"]
[SourceTitle "playchess.com"]
[Source "ChessBase"]
[SourceQuality "1"]
[TimeControl "5400+30"]

1. e4 e5 2. Nf3 Nc6 3. Bc4 Bc5 4. c3 Nf6 5. d3 d5 6. exd5 Nxd5 7. Qb3 Be6 8. Qxb7 Nde7 9. Bxe6 fxe6 10. Qb5 Bd6 11. Qc4 Qd7 12. O-O O-O 13. Nbd2 Rf6 14. Ne4 Rg6 15. h3 a6 16. b4 Nf5 17. Re1 Ra7 18. Nc5 Bxc5 19. Qxc5 Qd5 20. Qxd5 exd5 21. Nxe5 Re6 22. Bf4 Nh4 23. Nd7 Rg6 24. Bg3 Nf5 25. Re8+ Kf7 26. Rae1 Rg5 27. h4 Rg4 28. Rf8+ Kg6 29. Re6+ Kh5 30. Rxf5+ g5 31. Rxc6 Ra8 32. Kh2 Re8 33. f3 Rxg3 34. Kxg3 Re3 35. Rxg5# 1-0

[Event "FIDE WCCC Girls-10 2024"]
[Site "Montesilvano"]
[Date "2024.11.19"]
[Round "5.33"]
[White "Muradli, Sabira"]
[Black "Trzcinska, Weronika"]
[Result "0-1"]
[ECO "C54"]
[WhiteElo "1430"]
[BlackElo "1653"]
[Annotator "NA RC"]
[PlyCount "110"]
[EventDate "2024.11.18"]
[EventType "swiss"]
[EventCountry "ITA"]
[SourceTitle "playchess.com"]
[Source "ChessBase"]
[SourceQuality "1"]
[TimeControl "5400+30"]

1. e4 e5 2. Nf3 Nc6 3. Bc4 Bc5 4. c3 Nf6 5. d4 exd4 6. cxd4 Bb4+ 7. Nc3 Bxc3+ 8. bxc3 Nxe4 9. O-O O-O 10. Qd3 d5 11. Bb3 Bf5 12. Qe3 Na5 13. Qf4 Nxb3 14. axb3 Bg6 15. Bb2 Qd6 16. Qxd6 Nxd6 17. Ba3 Rfd8 18. Bxd6 Rxd6 19. Ne5 f6 20. Nxg6 hxg6 21. Rfe1 Kf7 22. g3 a6 23. Re2 Re8 24. Rxe8 Kxe8 25. Re1+ Kd7 26. Kg2 Re6 27. Rd1 Re2 28. Rd3 Rb2 29. c4 dxc4 30. bxc4 Rb4 31. c5 b6 32. f4 Kc6 33. Kf3 a5 34. cxb6 cxb6 35. Re3 Rxd4 36. Re6+ Rd6 37. Re7 Rd7 38. Re6+ Kb5 39. Re4 a4 40. Re1 a3 41. Rb1+ Kc5 42. g4 b5 43. h4 b4 44. Rc1+ Kb5 45. f5 gxf5 46. gxf5 a2 47. Kg4 Ra7 48. Ra1 b3 49. Kh5 b2 50. Rd1 b1=Q 51. Rxb1+ axb1=Q 52. Kg6 Qg1+ 53. Kh5 g6+ 54. fxg6 Rg7 55. Kh6 Qxg6# 0-1

[Event "FIDE WCCC Girls-10 2024"]
[Site "Montesilvano"]
[Date "2024.11.19"]
[Round "5.34"]
[White "Abibulla, Inzhu"]
[Black "Billod-Laillet, Camille"]
[Result "1-0"]
[ECO "C56"]
[WhiteElo "1499"]
[BlackElo "1732"]
[Annotator "NA RC"]
[PlyCount "123"]
[EventDate "2024.11.18"]
[EventType "swiss"]
[EventCountry "ITA"]
[SourceTitle "playchess.com"]
[Source "ChessBase"]
[SourceQuality "1"]
[TimeControl "5400+30"]

1. e4 e5 2. Nf3 Nc6 3. Bc4 Nf6 4. d4 exd4 5. O-O Nxe4 6. Re1 d5 7. Bxd5 Qxd5 8. Nc3 Qh5 9. Nxe4 Be6 10. Neg5 O-O-O 11. Nxe6 fxe6 12. Rxe6 Bd6 13. h3 h6 14. Re4 Rde8 15. Rxe8+ Rxe8 16. b3 Re6 17. Bb2 Bb4 18. a3 Bc5 19. b4 Bb6 20. Qd2 Rg6 21. Kh1 Rd6 22. Re1 Re6 23. Ra1 Rd6 24. Re1 Qf7 25. Qe2 Rd7 26. Qd3 Re7 27. Rxe7 Qxe7 28. Qf5+ Qd7 29. Qxd7+ Kxd7 30. b5 Na5 31. Bxd4 Bxd4 32. Nxd4 g6 33. c3 Nc4 34. Nc2 Kd6 35. a4 Nb2 36. a5 Nc4 37. a6 b6 38. Nd4 Na5 39. f4 c5 40. bxc6 Nxc6 41. Nxc6 Kxc6 42. g4 Kd5 43. Kg2 g5 44. f5 Kd6 45. Kf3 Ke5 46. Ke3 b5 47. Kd3 Kd5 48. f6 Ke6 49. Kd4 Kxf6 50. Kc5 Ke7 51. Kxb5 Kd6 52. c4 Kd7 53. Kc5 Kc7 54. Kd5 Kd7 55. c5 Kc7 56. c6 Kd8 57. Kd6 Kc8 58. c7 h5 59. gxh5 g4 60. h6 gxh3 61. h7 h2 62. h8=R# 1-0

[Event "FIDE WCCC Girls-10 2024"]
[Site "Montesilvano"]
[Date "2024.11.19"]
[Round "5.35"]
[White "Camacho Chavez, Nirvana"]
[Black "Foong, Livia"]
[Result "0-1"]
[ECO "C01"]
[WhiteElo "1638"]
[BlackElo "1461"]
[Annotator "NA RC"]
[PlyCount "60"]
[EventDate "2024.11.18"]
[EventType "swiss"]
[EventCountry "ITA"]
[SourceTitle "playchess.com"]
[Source "ChessBase"]
[SourceQuality "1"]
[TimeControl "5400+30"]

1. e4 e6 2. d4 d5 3. exd5 exd5 4. Bd3 Nf6 5. h3 c5 6. Be3 Qb6 7. dxc5 Bxc5 8. Bxc5 Qxc5 9. Nc3 O-O 10. Nge2 Be6 11. O-O Nc6 12. Re1 Rfd8 13. Nf4 Qd6 14. Nxe6 fxe6 15. Nb5 Qd7 16. Nc3 d4 17. Ne4 Nxe4 18. Bxe4 e5 19. Bxc6 Qxc6 20. Rxe5 Rd6 21. Rg5 Rc8 22. Rc1 d3 23. c3 Re8 24. Qb3+ Kh8 25. Rd1 d2 26. Kh2 Qc7 27. Rb5 Rf6+ 28. g3 Rxf2+ 29. Kg1 Qxg3+ 30. Kh1 Qg2# 0-1

[Event "FIDE WCCC Girls-10 2024"]
[Site "Montesilvano"]
[Date "2024.11.19"]
[Round "5.36"]
[White "Afandi, Sadagul"]
[Black "Ivanova, Darina"]
[Result "1-0"]
[ECO "B37"]
[WhiteElo "1625"]
[BlackElo "1516"]
[Annotator "NA RC"]
[PlyCount "109"]
[EventDate "2024.11.18"]
[EventType "swiss"]
[EventCountry "ITA"]
[SourceTitle "playchess.com"]
[Source "ChessBase"]
[SourceQuality "1"]
[TimeControl "5400+30"]

1. e4 c5 2. Nf3 Nc6 3. d4 cxd4 4. Nxd4 g6 5. c4 Bg7 6. Nc2 Nf6 7. Nc3 O-O 8. Be2 d6 9. O-O e6 10. Bg5 b6 11. Nb5 d5 12. cxd5 exd5 13. exd5 Qxd5 14. Bxf6 Qxd1 15. Raxd1 Bxf6 16. Nc7 Rb8 17. Rd6 Be5 18. Rxc6 Bd7 19. Rc4 b5 20. Rc5 Rfe8 21. Nxe8 Rxe8 22. Bxb5 Bxb5 23. Rxb5 Rc8 24. Rxe5 Rxc2 25. Rb5 Kg7 26. Rd1 Kf6 27. g3 h5 28. Rb7 Kg5 29. Rxf7 a5 30. h3 Rxb2 31. Rd5+ Kh6 32. Rxa5 Rb1+ 33. Kg2 Rb2 34. Ra6 Rb8 35. Rff6 Rg8 36. Rxg6+ Rxg6 37. Rxg6+ Kxg6 38. a4 Kf7 39. a5 Ke7 40. a6 h4 41. a7 hxg3 42. a8=Q gxf2 43. Kxf2 Kd7 44. Qa6 Kc7 45. h4 Kd7 46. h5 Ke7 47. h6 Kf7 48. h7 Kg7 49. h8=Q+ Kxh8 50. Qb7 Kg8 51. Kf3 Kh8 52. Kg4 Kg8 53. Kg5 Kf8 54. Kf6 Ke8 55. Qe7# 1-0

[Event "FIDE WCCC Girls-10 2024"]
[Site "Montesilvano"]
[Date "2024.11.19"]
[Round "5.37"]
[White "Khelfallah, Ikhlas"]
[Black "Aragonda, Sahasra"]
[Result "1/2-1/2"]
[ECO "A04"]
[WhiteElo "1449"]
[BlackElo "1526"]
[Annotator "NA RC"]
[PlyCount "51"]
[EventDate "2024.11.18"]
[EventType "swiss"]
[EventCountry "ITA"]
[SourceTitle "playchess.com"]
[Source "ChessBase"]
[SourceQuality "1"]
[TimeControl "5400+30"]

1. e4 c5 2. Nf3 g6 3. d3 Bg7 4. Nbd2 d6 5. g3 e5 6. Bg2 Nc6 7. c3 Nge7 8. O-O O-O 9. a4 a5 10. Nc4 Be6 11. Re1 Bxc4 12. dxc4 Qd7 13. Be3 Rad8 14. Qc2 Qc8 15. Rad1 Kh8 16. Qd2 b6 17. Bh6 Qa6 18. b3 Qc8 19. Bxg7+ Kxg7 20. Ng5 h6 21. Nf3 Ng8 22. Qe2 Nf6 23. Rd2 Qe6 24. h3 Rd7 25. Qf1 Rdd8 26. Qe2 1/2-1/2

[Event "FIDE WCCC Girls-10 2024"]
[Site "Montesilvano"]
[Date "2024.11.19"]
[Round "5.38"]
[White "Nguyen, Lam Vy Le"]
[Black "Yang, Haeun"]
[Result "1-0"]
[ECO "C55"]
[WhiteElo "1728"]
[BlackElo "1475"]
[Annotator "NA RC"]
[PlyCount "67"]
[EventDate "2024.11.18"]
[EventType "swiss"]
[EventCountry "ITA"]
[SourceTitle "playchess.com"]
[Source "ChessBase"]
[SourceQuality "1"]
[TimeControl "5400+30"]

1. e4 e5 2. Nf3 Nc6 3. Bc4 Nf6 4. d3 d6 5. c3 Be7 6. Nbd2 Na5 7. Bb5+ c6 8. Ba4 b5 9. Bc2 c5 10. Nf1 Be6 11. Ng3 O-O 12. O-O Qd7 13. Re1 Bg4 14. h3 Bh5 15. Nxh5 Nxh5 16. Nxe5 dxe5 17. Qxh5 Bf6 18. Be3 Rfc8 19. Rad1 Qe6 20. Bb1 c4 21. d4 Qd6 22. dxe5 Qxe5 23. Qxe5 Bxe5 24. Rd5 Bf6 25. Rxb5 Nc6 26. Rc5 Ne5 27. Rxc8+ Rxc8 28. Bxa7 Nd3 29. Bxd3 cxd3 30. Be3 Kf8 31. Rd1 Rd8 32. f4 Ke7 33. e5 Bh4 34. Bf2 1-0

[Event "FIDE WCCC Girls-10 2024"]
[Site "Montesilvano"]
[Date "2024.11.19"]
[Round "5.39"]
[White "Serradell Munoz, Silvia"]
[Black "Kovacikova, Simona"]
[Result "1-0"]
[ECO "C45"]
[WhiteElo "1670"]
[BlackElo "1412"]
[Annotator "NA RC"]
[PlyCount "109"]
[EventDate "2024.11.18"]
[EventType "swiss"]
[EventCountry "ITA"]
[SourceTitle "playchess.com"]
[Source "ChessBase"]
[SourceQuality "1"]
[TimeControl "5400+30"]

1. e4 e5 2. Nf3 Nc6 3. d4 exd4 4. Nxd4 Nf6 5. Nxc6 bxc6 6. e5 Qe7 7. Qe2 Nd5 8. c4 Ba6 9. b3 g6 10. Bb2 Bg7 11. Nd2 O-O-O 12. Qe4 Nb6 13. Bd3 Rhe8 14. Nf3 f6 15. O-O fxe5 16. Rfe1 d5 17. cxd5 Bxd3 18. Qxd3 Rxd5 19. Qe4 Nd7 20. Qc4 Qc5 21. Qa6+ Kd8 22. Rac1 Nb8 23. Qa4 Qa5 24. Qh4+ Kc8 25. Qxh7 Qxa2 26. Qxg7 Qxb2 27. Qxg6 Red8 28. Qf5+ Kb7 29. Rb1 Qc3 30. Rec1 Qb4 31. h3 Rf8 32. Qg6 Qf4 33. Rc4 Qf5 34. Qxf5 Rxf5 35. Re4 Nd7 36. Rbe1 Kb6 37. R1e3 Kc5 38. g4 Rf8 39. Nxe5 Nxe5 40. Rxe5 Rb8 41. R5e4 Rd1+ 42. Kg2 Rb1 43. Rc4+ Kb5 44. h4 Rb2 45. g5 Rg8 46. Rg4 Rd2 47. g6 Rd6 48. h5 a5 49. g7 Rh6 50. Re5+ Kb6 51. Rf5 Kb7 52. Rf8 Rxg7 53. Rxg7 Rxh5 54. Rff7 Rh4 55. Rxc7+ 1-0